 Dungeon Crawl Stone Soup version 0.26-a0-1205-g4083c211ab (webtiles) character file.

Game seed: 10094519389016785584

129 vvl the Sneak (level 5, -1/31 HPs)
             Began as an Octopode Fire Elementalist on Dec 29, 2020.
             Slain by an orc
             ... wielding a +0 short sword
              (8 damage)
             ... on level 2 of the Dungeon.
             The game lasted 00:07:23 (2750 turns).

vvl the Sneak (Octopode Fire Elementalist)          Turns: 2750, Time: 00:07:23

Health: -1/31      AC:  1    Str:  7    XL:     5   Next: 12%
Magic:  8/9        EV: 13    Int: 18    God:
Gold:   139        SH:  0    Dex: 13    Spells: 8/9 levels left

rFire    . . .     SeeInvis .   a - +0 dagger
rCold    . . .     Faith    .   (no shield)
rNeg     . . .     Spirit   .   (helmet restricted)
rPois    .         Reflect  .   (no amulet)
rElec    .         Harm     .   (no ring)
rCorr    .         Rampage  .   (no ring)
Will     .....                  (no ring)
Stlth    +++.......             (no ring)
HPRegen  0.10/turn              (no ring)
MPRegen  0.11/turn              (no ring)
                                (no ring)
                                (no ring)

@: no status effects
A: almost no armour, stealthy swim, amphibious, 8 rings, constrict 8, camouflage
1, gelatinous body 1
a: no special abilities


You were on level 2 of the Dungeon.
You visited 1 branch of the dungeon, and saw 3 of its levels.

You collected 139 gold pieces.

Inventory:

Hand Weapons
 a - a +0 dagger (weapon)
Jewellery
 g - an uncursed amulet of the acrobat {unknown}
Wands
 k - a wand of random effects (8)
Scrolls
 b - a scroll of immolation {unknown}
 c - 2 scrolls of enchant weapon {unknown}
 h - a scroll of identify {unknown}
 j - 2 scrolls of remove curse {unknown}
 l - a scroll of magic mapping {unknown}
 n - a scroll of fear {unknown}
Potions
 d - a potion of attraction {unknown}
 e - 2 potions of curing {unknown}
 f - a potion of magic {unknown}
 i - 2 potions of heal wounds {unknown}
 m - a potion of flight {unknown}


   Skills:
 + Level 2.1 Dodging
 + Level 3.9 Stealth
 + Level 2.7 Spellcasting
 * Level 3.0 Conjurations
 + Level 3.6 Fire Magic


You had 8 spell levels left.
You knew the following spells:

 Your Spells              Type           Power        Failure   Level
a - Foxfire               Conj/Fire      56%          4%          1

Your spell library contained the following spells:

 Spells                   Type           Power        Failure   Level
 Conjure Flame            Conj/Fire      14%          13%         3
 Inner Flame              Hex/Fire       8%           24%         3
 Sticky Flame             Conj/Fire      14%          38%         4
 Fireball                 Conj/Fire      7%           75%         5


Dungeon Overview and Level Annotations

Branches:
Dungeon (3/15)

Altars:

Annotations:
D:3 Sigmund


Innate Abilities, Weirdness & Mutations

You cannot wear most types of armour.
You are very stealthy in the water. (Stealth+)
You are amphibious.
You can wear up to eight rings at the same time.
You can use your tentacles to constrict eight enemies at once.
Your skin changes colour to match your surroundings (Stealth+).
Your rubbery body absorbs attacks. (AC +1, EV +1)


Message History

You climb upwards.
Reactivating autopickup.
There is a stone staircase leading down here.
You hit the leopard gecko. You grab the leopard gecko.
The leopard gecko is moderately wounded.
You constrict the leopard gecko. The leopard gecko bites you.
The leopard gecko closely misses you.
You hit the leopard gecko but do no damage.
The leopard gecko is heavily wounded.
You constrict the leopard gecko. The leopard gecko bites you.
* * * LOW HITPOINT WARNING * * *
You hit the leopard gecko but do no damage.
You squeeze the leopard gecko, but do no damage.
The leopard gecko is almost dead.
You constrict the leopard gecko.
You kill the leopard gecko!
Casting: Foxfire (safe; 4% risk of failure)
Confirm with . or Enter, or press ? or * to list all spells.
You conjure some foxfire!
The orc hits you with a +0 short sword!
You die...

#.# # #.# # ######## #.#####
#......# #...... #>####.# ##.###.
#.# #.# #.# #. ############
#.####.# #.# #.
...........#####o##.#.######.###.
#####..........v@v.#.<...........
#.####.#####.##.#.#.####.###.
###.####.# #.####.#.# #.# #.
#.....##.# ##.###....# #.# #.
###.#.#.##.####...#.....# #.###.
..................#.....# #.....
....#.#.##.####...#.....# #.###.
..)....)#.#.####.###...## #.# ##
....###..###.##.#.###.######.###


You could see an orc.

Vanquished Creatures
  An ogre (D:2)
  3 worms
  2 dart slugs
  A leopard gecko (D:2)
  An orc (D:3)
  4 bats
  A giant cockroach (D:3)
  5 hobgoblins
  2 jackals (D:3)
  5 frilled lizards
  3 goblins
  3 kobolds
  A rat (D:1)
32 creatures vanquished.

Vanquished Creatures (others)
  28 foxfires
28 creatures vanquished.

Grand Total: 60 creatures vanquished

Notes
Turn   | Place    | Note
-------+----------+-------------------------------------------
     0 | D:1      | vvl the Octopode Fire Elementalist began the quest for the
                  | Orb.
     0 | D:1      | Reached XP level 1. HP: 11/11 MP: 3/3
   568 | D:1      | Reached XP level 2. HP: 17/17 MP: 0/5
  1235 | D:2      | Noticed an ogre
  1300 | D:2      | Killed an ogre
  1301 | D:2      | Reached XP level 3. HP: 21/21 MP: 2/6
  1301 | D:2      | Reached XP level 4. HP: 27/27 MP: 2/7
  2189 | D:3      | Reached XP level 5. HP: 8/31 MP: 9/9
  2652 | D:3      | Noticed Sigmund
  2750 | D:2      | Slain by an orc

Illustrated notes

Levels and vault maps discovered:
D:1:      shiori_arrival_elements, layout_basic
D:2:      layout_loops_ring
D:3:      layout_rooms, grunt_ministairs_14, minmay_strange_pillars,
          minmay_misc_feat_more_columns, uniq_sigmund

Skill      XL: |  1  2  3  4  5 |
---------------+----------------+-----
Stealth        | 3 |  3.9
Conjurations   | 2 3 |  3.0
Dodging        | |  2.1
Spellcasting   | |  2.7
Fire Magic     | |  3.6

Action                   |  1- 3 |  4- 6 || total
-------------------------+-------+-------++-------
Melee: Dagger            |    31 |    52 ||    83
       Constrict         |     7 |     8 ||    15
       Tentacles         |     2 |     9 ||    11
 Cast: Foxfire           |    11 |     6 ||    17
 Stab: Sleeping          |     2 |     6 ||     8
Armor: Skin              |     5 |     2 ||     7
Dodge: Dodged            |    28 |    22 ||    50

Table legend: (Time is in decaauts)
 A = Elapsed time spent in this place.
 B = Non-inter-level travel time spent in this place.
 C = Inter-level travel time spent in this place.
 D = Time resting spent in this place.
 E = Time spent auto-exploring this place.
 F = Levels seen in this place.
 G = Mean time per level.
                   A        B        C        D        E       F      G
               +--------+--------+--------+--------+--------+-----+--------+
         Total |   2749 |   2697 |     52 |      0 |   2282 |   3 |  916.3 |
       Dungeon |   2749 |   2697 |     52 |      0 |   2282 |   3 |  916.3 |
               +--------+--------+--------+--------+--------+-----+--------+

Top non-repeatable levels by time:
     D:2: 1093 daAuts
     D:1: 1027 daAuts
     D:3: 628 daAuts
